 Dungeon Crawl Stone Soup version 0.29-a0-1065-g47a6bb87d6 (webtiles) character file.

Game seed: 9680998637129562110

230 SensoryNuts the Cutter (level 5, 0/35 (39) HPs)
             Began as a Vampire Gladiator on Aug 18, 2022.
             Slain by a goblin
             ... wielding a +0 club
             ... led by Robin
              (4 damage)
             ... on level 3 of the Dungeon.
             The game lasted 00:02:38 (2081 turns).

SensoryNuts the Cutter (Vampire Gladiator)          Turns: 2081, Time: 00:02:38

HP:   0/35 (39)     AC:  6    Str: 15    XL:     5   Next: 72%
MP:   5/5           EV: 13    Int: 10    God:
Gold: 158           SH:  0    Dex: 16    Spells: 4/4 levels left

rFire   . . .      SeeInvis +   a - +0 rapier
rCold   . . .      Faith    .   (no shield)
rNeg    . . .      Spirit   .   b - +0 leather armour
rPois   +          Reflect  .   i - +2 hat
rElec   .          Harm     .   p - +0 cloak
rCorr   .          Rampage  .   (no gloves)
Will    .....                   (no boots)
Stlth   ++........              (no amulet)
HPRegen 0.31/turn               j - ring of poison resistance
MPRegen 0.09/turn               (no ring)

@: on berserk cooldown, healing quickly, slowed, heavily drained, very slow
A: alive, fangs 3, see invisible, vampiric 2
a: Exsanguinate


You were on level 3 of the Dungeon.
You visited 1 branch of the dungeon, and saw 3 of its levels.

You collected 158 gold pieces.

Inventory:

Hand Weapons
 a - a +0 rapier (weapon)
Missiles
 d - 4 throwing nets (quivered)
 e - a javelin
Armour
 b - a +0 leather armour (worn)
 c - a +0 helmet
 i - a +2 hat (worn)
 m - the +0 leather armour "Xefogo" {Rampage Will+++ MP+9 Str-2}
   (You found it on level 2 of the Dungeon)

   Str:       It affects your strength (-2).
   MP:        It affects your magic capacity (+9).
   Rampage:   It bestows one free step when moving towards enemies.
   Will:      It greatly increases your willpower.
 p - a +0 cloak (worn)
Jewellery
 j - a ring of poison resistance (left hand)
Scrolls
 h - 2 scrolls of teleportation {unknown}
 k - a scroll of vulnerability {unknown}
 l - a scroll of identify {unknown}
 n - a scroll of immolation {unknown}
 o - a scroll of acquirement {unknown}
 q - a scroll of magic mapping {unknown}
Potions
 f - a potion of berserk rage
 g - a potion of curing {unknown}


   Skills:
 + Level 2.6 Fighting
 + Level 5.2 Short Blades
 + Level 1.7 Throwing
 + Level 1.5 Armour
 + Level 4.4 Dodging
 + Level 1.0 Stealth


You had 4 spell levels left.
You didn't know any spells.
Your spell library contained the following spells:

 Spells                   Type           Power      Damage    Failure   Level
 Sublimation of Blood     Necr           0%         N/A       56%         2
 Wereblood                Tmut           0%         N/A       56%         2
 Summon Hydra             Summ           0%         N/A       100%        7


Dungeon Overview and Level Annotations

Branches:
Dungeon (3/15)

Altars:


Innate Abilities, Weirdness & Mutations

Your natural rate of healing is accelerated.
You have razor-sharp teeth.
You have supernaturally acute eyesight. (SInv)
You are afflicted with vampirism and can become a bat while bloodless.


Message History

You hit Jessica.
Jessica is heavily wounded.
Jessica hits you but does no damage. The goblin hits you but does no damage.
The goblin closely misses you.
You barely miss Jessica. Your bite misses Jessica.
Jessica is heavily wounded.
You hit Jessica.
You kill Jessica!
Robin says, "Kneel, worm!"
The goblin barely misses you. The goblin closely misses you.
Your Stealth skill increases to level 1!
You barely miss Robin. Robin throws the goblin at you!
A goblin comes into view. It is wielding a +0 club.
The goblin misses you. The goblin hits you but does no damage.
You barely miss Robin. You puncture Robin!
Robin is severely wounded.
The goblin hits you with a +0 club. The goblin closely misses you.
You puncture Robin!
You kill Robin!
A goblin comes into view. It is wielding a +0 dagger.
You are no longer berserk.
You are exhausted.
You feel yourself slow down.
The goblin shouts!
The goblin hits you but does no damage.
Items here: ))) [[[ ††.
You completely miss the goblin. The goblin barely misses you. x2
A goblin comes into view. It is wielding a +0 club.
The goblin hits you with a +0 club. x2
* * * LOW HITPOINT WARNING * * *
You hit the goblin.
You kill the goblin!
The goblin hits you but does no damage. The goblin hits you with a +0 club.
* * * LOW HITPOINT WARNING * * *
The goblin hits you with a +0 club.
* * * LOW HITPOINT WARNING * * *
The goblin hits you with a +0 club.
You die...

.......................+
###...#.######.##....###
##.......# #.###...# #
#.##.##.# #.......#
#.#..##.# ######.##
########.#.###.# #.# #
#........#.# #.# #.# #g
#.#####..#.###.# #.####
##g##. ###g.gg@)..#
#..)..
.gg#.###.....g#####
#.#### ...#.....####
#.#### #.#.....# #.....
#.......# #.###.
.............# #.# #.
########.....# #.# ##
####### #.# #..


You could see 4 goblins.

Vanquished Creatures
  A howler monkey (D:3)
  Jessica (D:3)
  Robin (D:3)
  6 adders
  3 gnolls (D:2)
  2 worms
  3 dart slugs
  An orc (D:2)
  5 bats
  3 endoplasms
  2 giant cockroaches (D:2)
  10 goblins
  5 hobgoblins
  3 quokkas
  6 ball pythons
  2 frilled lizards
  6 kobolds
  4 rats
64 creatures vanquished.

Notes
Turn   | Place    | Note
-------+----------+-------------------------------------------
     0 | D:1      | SensoryNuts the Vampire Gladiator began the quest for the
                  | Orb.
     0 | D:1      | Reached XP level 1. HP: 16/16 MP: 1/1
   145 | D:1      | Reached XP level 2. HP: 22/22 MP: 2/2
   454 | D:2      | Identified the +0 leather armour "Xefogo" {Rampage Will+++
                  | MP+9 Str-2}
   464 | D:2      | Found a faded altar of an unknown god.
   524 | D:2      | Reached skill level 4 in Short Blades
   524 | D:2      | Gained mutation: You are afflicted with vampirism and can
                  | become a bat while bloodless. [Vampire growth]
   524 | D:2      | Reached XP level 3. HP: 27/27 MP: 3/3
  1064 | D:2      | Reached XP level 4. HP: 33/33 MP: 4/4
  1127 | D:2      | Reached skill level 1 in Armour
  1559 | D:3      | Reached XP level 5. HP: 38/39 MP: 5/5
  1764 | D:3      | Reached skill level 5 in Short Blades
  2050 | D:3      | Noticed Robin
  2056 | D:3      | Noticed Jessica
  2073 | D:3      | Killed Jessica
  2074 | D:3      | Reached skill level 1 in Stealth
  2077 | D:3      | Killed Robin
  2081 | D:3      | Slain by a goblin

Illustrated notes

Levels and vault maps discovered:
D:1:      wander_arrival_estate, layout_rooms
D:2:      layout_basic, chequers_ecumenical_altar_island, serial_park_tiny_2,
          chequers_serial_rivers_large_b
D:3:      layout_loops_corners, minmay_surrounded, uniq_jessica, uniq_robin

Skill      XL: |  1  2  3  4  5 |
---------------+----------------+-----
Fighting       | 2 |  2.6
Short Blades   | 4 5 |  5.2
Armour         | 1 |  1.5
Dodging        | 4 |  4.4
Stealth        | 1 |  1.0
Throwing       | |  1.7

Action                   |  1- 3 |  4- 6 || total
-------------------------+-------+-------++-------
Melee: Rapier            |   134 |   106 ||   240
       Punch             |     2 |     1 ||     3
       Bite              |    10 |    14 ||    24
  Use: Potion            |       |     3 ||     3
 Stab: Sleeping          |     1 |       ||     1
Armor: Leather armour    |    51 |    24 ||    75
Dodge: Dodged            |    90 |    85 ||   175

Table legend: (Time is in decaauts)
 A = Elapsed time spent in this place.
 B = Non-inter-level travel time spent in this place.
 C = Inter-level travel time spent in this place.
 D = Time resting spent in this place.
 E = Time spent auto-exploring this place.
 F = Levels seen in this place.
 G = Mean time per level.
                   A        B        C        D        E       F      G
               +--------+--------+--------+--------+--------+-----+--------+
         Total |   2114 |   2072 |     42 |      0 |   1553 |   3 |  704.7 |
       Dungeon |   2114 |   2072 |     42 |      0 |   1553 |   3 |  704.7 |
               +--------+--------+--------+--------+--------+-----+--------+

Top non-repeatable levels by time:
     D:2: 899 daAuts
     D:3: 779 daAuts
     D:1: 435 daAuts
